 Dungeon Crawl Stone Soup version 0.22-a0-402-ga933591 (webtiles) character file.

41 Mgcat the Ruffian (level 3, 0/37 HPs)
             Began as a Troll Berserker on May 7, 2018.
             Was a Follower of Trog.
             Slain by a hobgoblin
             ... wielding a +0 club
             ... led by Robin
              (1 damage)
             ... on level 3 of the Dungeon.
             The game lasted 00:02:22 (440 turns).

Mgcat the Ruffian (Troll Berserker)                  Turns: 440, Time: 00:02:23

Health: 0/37       AC:  5    Str: 26    XL:     3   Next: 32%
Magic:  2/2        EV: 10    Int:  3    God:    Trog [*.....]
Gold:   78         SH:  0    Dex:  9    Spells: 2/2 levels left

rFire    x . .     SeeInvis .     - Unarmed
rCold    + . .     Gourm    +   (no shield)
rNeg     . . .     Faith    .   a - +0 animal skin
rPois    .         Spirit   .   (helmet restricted)
rElec    .         Reflect  .   (no cloak)
rCorr    .         Harm     .   (gloves unavailable)
MR       .....                  (boots unavailable)
Stlth    +.........             e - amulet of regeneration {+regen, !d}
HPRegen  0.92/turn              g - ring of ice {rC+, rF-}
MPRegen  0.08/turn              (no ring)

@: berserk cooldown, slowed, very slow
A: large, unfitting armour, claws 3, fast metabolism 3, gourmand, regeneration
1, shaggy fur 1, tough skin 2
a: Berserk, Renounce Religion


You were on level 3 of the Dungeon.
You worshipped Trog.
Trog was aware of your devotion.
You were not hungry.

You visited 1 branch of the dungeon, and saw 3 of its levels.

You collected 78 gold pieces.

Inventory:

Armour
 a - a +0 animal skin (worn)
Jewellery
 e - an amulet of regeneration (around neck) {+regen, !d}
   (You found it on level 2 of the Dungeon)
 g - a ring of ice (left claw) {rC+, rF-}
   (You found it on level 2 of the Dungeon)
Scrolls
 c - a scroll of noise {unknown}
 d - 2 scrolls of fog {unknown}
 f - a scroll of teleportation {unknown}
Comestibles
 b - 4 rations


   Skills:
 + Level 3.1 Fighting
 - Level 2.4 Dodging
 + Level 3.7 Unarmed Combat


You had 2 spell levels left.
You didn't know any spells.

Dungeon Overview and Level Annotations

Branches:
Dungeon (3/15)

Altars:

Annotations:
D:3 Robin


Innate Abilities, Weirdness & Mutations

You are too large for most types of armour.
You have claws for hands.
Your metabolism is lightning-fast.
You like to eat raw meat.
Your natural rate of healing is unusually fast.
You are covered in fur. (AC +1)
You have very tough skin. (AC +2)


Message History

You closely miss the goblin.
Robin roars a battlecry!
The goblins go into a battle-frenzy!
You barely miss the goblin. The goblin hits you with a club.
You mangle the goblin!!
You kill the goblin!
Trog accepts your kill. Robin throws the goblin at you!
You barely miss the goblin. The goblin hits you with a dagger.
You claw the goblin!
You kill the goblin!
Trog accepts your kill. The goblin hits you.
You completely miss the hobgoblin.
The hobgoblin hits you but does no damage.
The goblin hits you.
You closely miss the hobgoblin.
Robin roars a battlecry!
The goblins go into a battle-frenzy!
The goblin hits you but does no damage. The hobgoblin hits you with a club.
You mangle the hobgoblin!!
You kill the hobgoblin!
Trog accepts your kill.
You miss the goblin. Your claw misses the goblin. The goblin misses you.
The goblin hits you.
You barely miss the goblin. You claw the goblin!
You kill the goblin!
Trog accepts your kill. The goblin hits you.
You barely miss the goblin. The goblin hits you. The goblin barely misses you.
You claw the goblin!
You kill the goblin!
Trog accepts your kill. The goblin hits you but does no damage.
The goblin closely misses you.
Found a stone staircase leading down.
Items here: )))) ††† You barely miss the goblin.
The goblin hits you. The goblin barely misses you.
You barely miss the goblin.
You are no longer berserk.
You are exhausted.
You feel yourself slow down. The goblin barely misses you.
The goblin hits you. x2; The goblin closely misses you.
You closely miss the goblin. The goblin hits you. The goblin barely misses you.
You claw the goblin!
You kill the goblin!
Trog accepts your kill. The goblin barely misses you.
You closely miss the goblin. Your claw misses the goblin.
The hobgoblin no longer looks unusually strong.
The hobgoblin barely misses you.
Robin roars a battlecry!
The hobgoblin goes into a battle-frenzy!
The hobgoblin closely misses you.
You scratch the goblin but do no damage.
The goblin barely misses you. The hobgoblin hits you with a club.
The hobgoblin closely misses you. The goblin hits you.
The hobgoblin no longer looks unusually strong.
The goblin no longer looks unusually strong.
The goblin barely misses you. The hobgoblin closely misses you.
Robin throws the goblin at you!
You scratch the goblin.
The goblin is moderately wounded.
The goblin no longer looks unusually strong.
The goblin barely misses you. The hobgoblin hits you with a club.
Robin roars a battlecry!
The goblins go into a battle-frenzy!
The goblin hits you but does no damage.
You claw the goblin!
You kill the goblin!
Trog accepts your kill.
The hobgoblin no longer looks unusually strong.
Robin says, "A pitiful Troll like you will never find the ORB!"
Robin roars a battlecry!
The hobgoblin goes into a battle-frenzy!
The hobgoblin hits you but does no damage.
Robin throws the goblin at you! The goblin closely misses you.
Robin drinks a potion.
Robin seems to grow stronger.
The hobgoblin hits you but does no damage.
The hobgoblin hits you with a club.
You scratch the goblin.
You kill the goblin!
Trog accepts your kill. The hobgoblin barely misses you.
The hobgoblin hits you but does no damage.
You scratch the hobgoblin.
You kill the hobgoblin!
Trog accepts your kill. The hobgoblin hits you with a club.
Robin barely misses you.
You barely miss Robin. The hobgoblin hits you with a club.
* * * LOW HITPOINT WARNING * * *
Robin hits you with a club!
* * * LOW HITPOINT WARNING * * *
The hobgoblin hits you but does no damage.
You scratch Robin.
Robin is moderately wounded.
Robin hits you with a club.
* * * LOW HITPOINT WARNING * * *
The hobgoblin hits you with a club.
You die...

. #...#
###.....>
##.........
#†.# .....
#.#
#@###....
#.# #gg#..#
#.# ##g†.#
#.# ##)##
#.# #.# #.#
##†####
#.#####
#.....#
#.....#
#..##.# #
###.#.#
#...#.#


You could see Robin and 2 hobgoblins.

Vanquished Creatures
  2 adders (D:2)
  A dart slug (D:2)
  8 goblins (D:3)
  2 hobgoblins (D:3)
  2 jackals (D:2)
  2 bats
  2 frilled lizards
  2 kobolds
  A rat (D:3)
22 creatures vanquished.

Notes
Turn   | Place    | Note
-------+----------+-------------------------------------------
     0 | D:1      | Mgcat the Troll Berserker began the quest for the Orb.
     0 | D:1      | Reached XP level 1. HP: 22/22 MP: 0/0
   103 | D:2      | Reached XP level 2. HP: 29/29 MP: 1/1
   323 | D:2      | Reached skill level 3 in Fighting
   375 | D:3      | Reached XP level 3. HP: 36/37 MP: 2/2
   412 | D:3      | Noticed Robin
   439 | D:3      | HP: 9/37 [hobgoblin/club[Robin] (6)]
   439 | D:3      | HP: 2/37 [Robin/club (7)]
   440 | D:3      | Slain by a hobgoblin

Vault maps used:
D:1:      lemuel_arrival_broad_hall
D:2:      doesnt_xom_only_xom, uniq_terence
D:3:      lemuel_upstairs_altar, uniq_robin

Skill      XL: |  1  2 |
---------------+-------+-----
Fighting       | 3 |  3.1
Dodging        | |  2.4
Unarmed Combat | |  3.7

Action                   || total
-------------------------++-------
Melee: Unarmed           ||    53
Invok: Berserk           ||     1
  Eat: Chunk             ||     6
Armor: Animal skin       ||    18
Dodge: Dodged            ||    32

Table legend:
 A = Spawn XP
 B = Non-spawn XP
 C = Spawn XP percentage of total XP
 D = Spawn monster count
 E = Non-spawn monster count
 F = Spawn count percentage of total count
 G = Total turns spent on level
                    A         B        C        D         E        F      G
               +---------+---------+-------+---------+---------+-------+---------
         Total |       0 |      59 |   0.0 |       0 |      22 |   0.0 |   440
               +---------+---------+-------+---------+---------+-------+---------
           D:1 |       0 |       2 |   0.0 |       0 |       2 |   0.0 |   130
           D:2 |       0 |      36 |   0.0 |       0 |       7 |   0.0 |   211
           D:3 |       0 |      21 |   0.0 |       0 |      13 |   0.0 |    99
               +---------+---------+-------+---------+---------+-------+---------

Vault maps used:
D:1:      lemuel_arrival_broad_hall
D:2:      doesnt_xom_only_xom, uniq_terence
D:3:      lemuel_upstairs_altar, uniq_robin

Table legend:
 A = Turns spent in this place as a percentage of turns spent in the entire game.
 B = Non-inter-level travel turns spent in this place as a percentage of non-inter-level travel turns spent in the entire game.
 C = Inter-level travel turns spent in this place as a percentage of turns spent in this place.
 D = Turns resting spent in this place as a percentage of non-inter-level travel turns spent in this place.
 E = Turns spent auto-exploring this place as a percentage of non-inter-level travel turns spent in this place.
 F = Non-inter-level travel turns spent in this place divided by the number of levels of this place that you've seen.
                   A       B       C       D       E      F
               +-------+-------+-------+-------+-------+----------------------
         Total | 100.0 | 100.0 |  10.9 |   0.0 |  67.9 | 130.7
       Dungeon | 100.0 | 100.0 |  10.9 |   0.0 |  67.9 | 130.7
               +-------+-------+-------+-------+-------+----------------------

Table legend:
 A = Kills in this place as a percentage of kills in entire the game.
 B = Kills by you in this place as a percentage of kills by you in the entire game.
 C = Kills by friends in this place as a percentage of kills by friends in the entire game.
 D = Other kills in this place as a percentage of other kills in the entire game.
 E = Experience gained in this place as a percentage of experience gained in the entire game.
 F = Experience gained in this place divided by the number of levels of this place that you have seen.
                   A       B       C       D       E      F
               +-------+-------+-------+-------+-------+----------------------
         Total | 100.0 | 100.0 |   N/A |   N/A | 100.0 |  19.7
       Dungeon | 100.0 | 100.0 |   N/A |   N/A | 100.0 |  19.7
               +-------+-------+-------+-------+-------+----------------------
